Workbook

Sheet 2020-2021
A1: Invalidenversicherung (IV): Finanzen der IV | K1: ='[1]1'!$C$16 -> T 13.04.02.01
A2: Laufende Preise, in Millionen Franken
B5: 2020 | C5: 2021
A8: Total Einnahmen | B8: =[2]Grunddaten!BZ6 -> 9327.3729 | C8: =[2]Grunddaten!CA6 -> 9624.345
A9: Beiträge Versicherte und Arbeitgeber | B9: =[2]Grunddaten!BZ10 -> 5515.7465 | C9: =[2]Grunddaten!CA10 -> 5677.934
A10: Beiträge öffentliche Hand | B10: =[2]Grunddaten!BZ20 -> 3617.1236 | C10: =[2]Grunddaten!CA20 -> 3749.0135
A11: davon Bund 1) | B11: =[2]Grunddaten!BZ21 -> 3617.1236 | C11: =[2]Grunddaten!CA21 -> 3749.0135
A12: Kapitalertrag (Anlageergebnis) | B12: =[2]Grunddaten!BZ40 -> 164.05734 | C12: =[2]Grunddaten!CA40 -> 158.32648
A13: Übrige Einnahmen 2) | B13: =[2]Grunddaten!BZ60 -> 30.445526 | C13: =[2]Grunddaten!CA60 -> 39.071119
A15: Total Ausgaben | B15: =[2]Grunddaten!BZ106 -> 9594.4922 | C15: =[2]Grunddaten!CA106 -> 9831.6436
A16: Sozialleistungen 3) | B16: =[2]Grunddaten!BZ110 -> 8819.9776 | C16: =[2]Grunddaten!CA110 -> 9018.9439
A17: Verwaltungs- und Durchführungskosten | B17: =[2]Grunddaten!BZ190 -> 723.09355 | C17: =[2]Grunddaten!CA190 -> 761.27871
A18: Übrige Ausgaben 4) | B18: =[2]Grunddaten!BZ240 -> 51.421021 | C18: =[2]Grunddaten!CA240 -> 51.421021
A20: Betriebsergebnis | B20: =[2]Grunddaten!BZ356 -> -267.11928 | C20: =[2]Grunddaten!CA356 -> -207.2986
A21: Anlageergebnis | B21: =[2]Grunddaten!BZ$40 -> 164.05734 | C21: =[2]Grunddaten!CA$40 -> 158.32648
A22: laufender Kapitalertrag | B22: =[2]Grunddaten!BZ$46 -> 60.222814 | C22: =[2]Grunddaten!CA$46 -> 46.557065
A23: Kapitalwertänderungen | B23: =[2]Grunddaten!BZ$47 -> 103.83453 | C23: =[2]Grunddaten!CA$47 -> 111.76942
A24: Umlageergebnis (Betriebsergebnis ohne Anlageergebnis) | B24: =[2]Grunddaten!BZ$358 -> -431.17662 | C24: =[2]Grunddaten!CA$358 -> -365.62508
A26: Veränderung des Kapitals, ab 2011 Abzahlung der IV-Schuld | B26: =[2]Grunddaten!BZ$516 -> -267.11928 | C26: =[2]Grunddaten!CA$516 -> -207.2986
A28: IV-Fonds 5) | B28: =[2]Grunddaten!BZ$617 -> 4520.1824 | C28: =[2]Grunddaten!CA$617 -> 4312.8838
A30: Kapital | B30: =[2]Grunddaten!BZ$616 -> -10284.204 | C30: =[2]Grunddaten!CA$616 -> -10284.204
A31: Beiträge öffentliche Hand in % der Ausgaben | B31: =[2]Grunddaten!BZ$618 -> 0.377 | C31: =[2]Grunddaten!CA$618 -> 0.38132113
A35: 1) Ab 2011 inklusive Sonderzins IV
A36: 2) Regress
A37: 3) Geldleistungen, Kosten für individuelle Massnahmen und Beiträge an Institutionen und Organisationen
A38: 4) Kapitalzinsen
A39: 5) 1.1.2011: Überweisung von 5 Mrd. Fr. von der AHV an die IV.
A40: 6) 2003: Kapitaltransfer von 1'500 Mio. Fr. von der EO an die IV
A41: 7) Infolge NFA sind die Werte 2007/2008 nicht mit denjenigen der Vorjahre vergleichbar
A43: =CONCATENATE('[1]1'!$A$1," IV") -> Bundesamt für Sozialversicherungen, Schweizerische Sozialversicherungsstatistik 2022, Tabelle IV
A44: ='[1]1'!$A$2 -> Auskünfte per Telefon: 058 465 03 39 oder per E-mail an: salome.schuepbach@bsv.admin.ch
A45: ='[1]1'!$A$3 -> © BFS - Statistisches Lexikon der Schweiz

Sheet 2010-2019
A1: Invalidenversicherung (IV): Finanzen der IV | K1: ='[1]1'!$C$16 -> T 13.04.02.01
A2: Laufende Preise, in Millionen Franken
B5: 2010 | C5: 2011 | D5: 2012 | E5: 2013 | F5: 2014 | G5: 2015 | H5: 2016 | I5: 2017 | J5: 2018 | K5: 2019
A8: Total Einnahmen | B8: =[2]Grunddaten!BP6 -> 8175.7852 | C8: =[2]Grunddaten!BQ6 -> 9454.1565 | D8: =[2]Grunddaten!BR6 -> 9889.4472 | E8: =[2]Grunddaten!BS6 -> 9891.8574 | F8: =[2]Grunddaten!BT6 -> 10176.533 | G8: =[2]Grunddaten!BU6 -> 9917.7001 | H8: =[2]Grunddaten!BV6 -> 10023.747 | I8: =[2]Grunddaten!BW6 -> 10356.503 | ... K8: =[2]Grunddaten!BY6 -> 9508.104
A9: Beiträge Versicherte und Arbeitgeber | B9: =[2]Grunddaten!BP10 -> 4604.5164 | C9: =[2]Grunddaten!BQ10 -> 4744.7287 | D9: =[2]Grunddaten!BR10 -> 4839.9534 | E9: =[2]Grunddaten!BS10 -> 4951.2044 | F9: =[2]Grunddaten!BT10 -> 5018.0923 | G9: =[2]Grunddaten!BU10 -> 5096.369 | H9: =[2]Grunddaten!BV10 -> 5171.4679 | I9: =[2]Grunddaten!BW10 -> 5217.723 | ... K9: =[2]Grunddaten!BY10 -> 5445.6673
A10: Beiträge öffentliche Hand | B10: =[2]Grunddaten!BP20 -> 3476.0542 | C10: =[2]Grunddaten!BQ20 -> 4606.8789 | D10: =[2]Grunddaten!BR20 -> 4780.2872 | E10: =[2]Grunddaten!BS20 -> 4803.9212 | F10: =[2]Grunddaten!BT20 -> 4866.8816 | G10: =[2]Grunddaten!BU20 -> 4804.0817 | H10: =[2]Grunddaten!BV20 -> 4666.5127 | I10: =[2]Grunddaten!BW20 -> 4767.6507 | ... K10: =[2]Grunddaten!BY20 -> 3619.4292
A11: davon Bund 1) | B11: =[2]Grunddaten!BP21 -> 3476.0542 | C11: =[2]Grunddaten!BQ21 -> 3751.4106 | D11: =[2]Grunddaten!BR21 -> 3690.2458 | E11: =[2]Grunddaten!BS21 -> 3687.0557 | F11: =[2]Grunddaten!BT21 -> 3747.5166 | G11: =[2]Grunddaten!BU21 -> 3693.0561 | H11: =[2]Grunddaten!BV21 -> 3554.8878 | I11: =[2]Grunddaten!BW21 -> 3626.0884 | ... K11: =[2]Grunddaten!BY21 -> 3619.4292
A12: Kapitalertrag (Anlageergebnis) | B12: =[2]Grunddaten!BP40 -> – | C12: =[2]Grunddaten!BQ40 -> 20.652055 | D12: =[2]Grunddaten!BR40 -> 200.61174 | E12: =[2]Grunddaten!BS40 -> 77.483585 | F12: =[2]Grunddaten!BT40 -> 237.79973 | G12: =[2]Grunddaten!BU40 -> -31.480013 | H12: =[2]Grunddaten!BV40 -> 131.05328 | I12: =[2]Grunddaten!BW40 -> 325.49369 | ... K12: =[2]Grunddaten!BY40 -> 407.02161
A13: Übrige Einnahmen 2) | B13: =[2]Grunddaten!BP60 -> 95.214552 | C13: =[2]Grunddaten!BQ60 -> 81.896825 | D13: =[2]Grunddaten!BR60 -> 68.594839 | E13: =[2]Grunddaten!BS60 -> 59.248199 | F13: =[2]Grunddaten!BT60 -> 53.75955 | G13: =[2]Grunddaten!BU60 -> 48.72943 | H13: =[2]Grunddaten!BV60 -> 54.713525 | I13: =[2]Grunddaten!BW60 -> 45.635151 | ... K13: =[2]Grunddaten!BY60 -> 35.985789
A15: Total Ausgaben | B15: =[2]Grunddaten!BP106 -> 9297.0348 | C15: =[2]Grunddaten!BQ106 -> 9488.302 | D15: =[2]Grunddaten!BR106 -> 9294.5508 | E15: =[2]Grunddaten!BS106 -> 9305.6636 | F15: =[2]Grunddaten!BT106 -> 9254.1987 | G15: =[2]Grunddaten!BU106 -> 9304.0824 | H15: =[2]Grunddaten!BV106 -> 9200.5588 | I15: =[2]Grunddaten!BW106 -> 9234.4731 | ... K15: =[2]Grunddaten!BY106 -> 9483.9899
A16: Sozialleistungen 3) | B16: =[2]Grunddaten!BP110 -> 8449.576 | C16: =[2]Grunddaten!BQ110 -> 8528.8117 | D16: =[2]Grunddaten!BR110 -> 8340.9803 | E16: =[2]Grunddaten!BS110 -> 8354.3254 | F16: =[2]Grunddaten!BT110 -> 8301.0261 | G16: =[2]Grunddaten!BU110 -> 8358.0296 | H16: =[2]Grunddaten!BV110 -> 8388.445 | I16: =[2]Grunddaten!BW110 -> 8418.344 | ... K16: =[2]Grunddaten!BY110 -> 8698.4653
A17: Verwaltungs- und Durchführungskosten | B17: =[2]Grunddaten!BP190 -> 608.89808 | C17: =[2]Grunddaten!BQ190 -> 629.10331 | D17: =[2]Grunddaten!BR190 -> 654.69395 | E17: =[2]Grunddaten!BS190 -> 664.30685 | F17: =[2]Grunddaten!BT190 -> 677.86508 | G17: =[2]Grunddaten!BU190 -> 689.192 | H17: =[2]Grunddaten!BV190 -> 689.8196 | I17: =[2]Grunddaten!BW190 -> 702.06671 | ... K17: =[2]Grunddaten!BY190 -> 734.10356
A18: Übrige Ausgaben 4) | B18: =[2]Grunddaten!BP240 -> 161.82889 | C18: =[2]Grunddaten!BQ240 -> 298.87659 | D18: =[2]Grunddaten!BR240 -> 298.87659 | E18: =[2]Grunddaten!BS240 -> 287.03137 | F18: =[2]Grunddaten!BT240 -> 275.30749 | G18: =[2]Grunddaten!BU240 -> 256.8608 | H18: =[2]Grunddaten!BV240 -> 122.29422 | I18: =[2]Grunddaten!BW240 -> 114.06234 | ... K18: =[2]Grunddaten!BY240 -> 51.421021
A20: Betriebsergebnis | B20: =[2]Grunddaten!BP356 -> -1044.5178 | C20: =[2]Grunddaten!BQ356 -> -2.6351378 | D20: =[2]Grunddaten!BR356 -> 594.89635 | E20: =[2]Grunddaten!BS356 -> 586.1938 | F20: =[2]Grunddaten!BT356 -> 922.33446 | G20: =[2]Grunddaten!BU356 -> 613.61768 | H20: =[2]Grunddaten!BV356 -> 823.18859 | I20: =[2]Grunddaten!BW356 -> 1122.0295 | ... K20: =[2]Grunddaten!BY356 -> 24.114136
A21: Anlageergebnis | B21: =[2]Grunddaten!BP$40 -> – | C21: =[2]Grunddaten!BQ$40 -> 20.652055 | D21: =[2]Grunddaten!BR$40 -> 200.61174 | E21: =[2]Grunddaten!BS$40 -> 77.483585 | F21: =[2]Grunddaten!BT$40 -> 237.79973 | G21: =[2]Grunddaten!BU$40 -> -31.480013 | H21: =[2]Grunddaten!BV$40 -> 131.05328 | I21: =[2]Grunddaten!BW$40 -> 325.49369 | ... K21: =[2]Grunddaten!BY$40 -> 407.02161
A22: laufender Kapitalertrag | B22: =[2]Grunddaten!BP$46 -> – | C22: =[2]Grunddaten!BQ$46 -> 29.998372 | D22: =[2]Grunddaten!BR$46 -> 69.88257 | E22: =[2]Grunddaten!BS$46 -> 56.632823 | F22: =[2]Grunddaten!BT$46 -> 69.053341 | G22: =[2]Grunddaten!BU$46 -> 64.545816 | H22: =[2]Grunddaten!BV$46 -> 60.425809 | I22: =[2]Grunddaten!BW$46 -> 88.944964 | ... K22: =[2]Grunddaten!BY$46 -> 80.46421
A23: Kapitalwertänderungen | B23: =[2]Grunddaten!BP$47 -> – | C23: =[2]Grunddaten!BQ$47 -> -9.3463174 | D23: =[2]Grunddaten!BR$47 -> 130.72917 | E23: =[2]Grunddaten!BS$47 -> 20.850762 | F23: =[2]Grunddaten!BT$47 -> 168.74639 | G23: =[2]Grunddaten!BU$47 -> -96.025828 | H23: =[2]Grunddaten!BV$47 -> 70.627473 | I23: =[2]Grunddaten!BW$47 -> 236.54872 | ... K23: =[2]Grunddaten!BY$47 -> 326.5574
A24: Umlageergebnis (Betriebsergebnis ohne Anlageergebnis) | B24: =[2]Grunddaten!BP$358 -> -1044.5178 | C24: =[2]Grunddaten!BQ$358 -> -23.287193 | D24: =[2]Grunddaten!BR$358 -> 394.28462 | E24: =[2]Grunddaten!BS$358 -> 508.71021 | F24: =[2]Grunddaten!BT$358 -> 684.53473 | G24: =[2]Grunddaten!BU$358 -> 645.09769 | H24: =[2]Grunddaten!BV$358 -> 692.1353 | I24: =[2]Grunddaten!BW$358 -> 796.53582 | ... K24: =[2]Grunddaten!BY$358 -> -382.90748
A26: Veränderung des Kapitals, ab 2011 Abzahlung der IV-Schuld | B26: =[2]Grunddaten!BP$516 -> -1044.5178 | C26: =[2]Grunddaten!BQ$516 -> 0 | D26: =[2]Grunddaten!BR$516 -> 594.89635 | E26: =[2]Grunddaten!BS$516 -> 586.1938 | F26: =[2]Grunddaten!BT$516 -> 922.33446 | G26: =[2]Grunddaten!BU$516 -> 613.61768 | H26: =[2]Grunddaten!BV$516 -> 823.18859 | I26: =[2]Grunddaten!BW$516 -> 1122.0295 | ... K26: =[2]Grunddaten!BY$516 -> 24.114136
A28: IV-Fonds 5) | B28: =[2]Grunddaten!BP$617 -> – | C28: =[2]Grunddaten!BQ$617 -> 4997.3649 | D28: =[2]Grunddaten!BR$617 -> 5000 | E28: =[2]Grunddaten!BS$617 -> 5000 | F28: =[2]Grunddaten!BT$617 -> 5000 | G28: =[2]Grunddaten!BU$617 -> 5000 | H28: =[2]Grunddaten!BV$617 -> 5000 | I28: =[2]Grunddaten!BW$617 -> 5000 | ... K28: =[2]Grunddaten!BY$617 -> 4787.3016
A30: Kapital | B30: =[2]Grunddaten!BP$616 -> -14943.83 | C30: =[2]Grunddaten!BQ$616 -> -14943.83 | D30: =[2]Grunddaten!BR$616 -> -14351.568 | E30: =[2]Grunddaten!BS$616 -> -13765.374 | F30: =[2]Grunddaten!BT$616 -> -12843.04 | G30: =[2]Grunddaten!BU$616 -> -12229.422 | H30: =[2]Grunddaten!BV$616 -> -11406.234 | I30: =[2]Grunddaten!BW$616 -> -10284.204 | ... K30: =[2]Grunddaten!BY$616 -> -10284.204
A31: Beiträge öffentliche Hand in % der Ausgaben | B31: =[2]Grunddaten!BP$618 -> 0.377 | C31: =[2]Grunddaten!BQ$618 -> 0.4871503 | D31: =[2]Grunddaten!BR$618 -> 0.51431073 | E31: =[2]Grunddaten!BS$618 -> 0.51623629 | F31: =[2]Grunddaten!BT$618 -> 0.52591064 | G31: =[2]Grunddaten!BU$618 -> 0.51634126 | H31: =[2]Grunddaten!BV$618 -> 0.50719883 | I31: =[2]Grunddaten!BW$618 -> 0.51628833 | ... K31: =[2]Grunddaten!BY$618 -> 0.38163571
A35: 1) Ab 2011 inklusive Sonderzins IV
A36: 2) Regress
A37: 3) Geldleistungen, Kosten für individuelle Massnahmen und Beiträge an Institutionen und Organisationen
A38: 4) Kapitalzinsen
A39: 5) 1.1.2011: Überweisung von 5 Mrd. Fr. von der AHV an die IV.
A40: 6) 2003: Kapitaltransfer von 1'500 Mio. Fr. von der EO an die IV
A41: 7) Infolge NFA sind die Werte 2007/2008 nicht mit denjenigen der Vorjahre vergleichbar
A43: =CONCATENATE('[1]1'!$A$1," IV") -> Bundesamt für Sozialversicherungen, Schweizerische Sozialversicherungsstatistik 2022, Tabelle IV
A44: ='[1]1'!$A$2 -> Auskünfte per Telefon: 058 465 03 39 oder per E-mail an: salome.schuepbach@bsv.admin.ch
A45: ='[1]1'!$A$3 -> © BFS - Statistisches Lexikon der Schweiz

Sheet 2000-2009
A1: Invalidenversicherung (IV): Finanzen der IV | K1: ='[1]1'!$C$16 -> T 13.04.02.01
A2: Laufende Preise, in Millionen Franken
B5: 2000 | C5: 2001 | D5: 2002 | E5: 2003 6) | F5: 2004 | G5: 2005 | H5: 2006 | I5: 2007 7) | J5: 2008 7) | K5: 2009
A8: Total Einnahmen | B8: =[2]Grunddaten!BF6 -> 7897.3935 | C8: =[2]Grunddaten!BG6 -> 8457.7573 | D8: =[2]Grunddaten!BH6 -> 8774.8501 | E8: =[2]Grunddaten!BI6 -> 9210.0693 | F8: =[2]Grunddaten!BJ6 -> 9510.9532 | G8: =[2]Grunddaten!BK6 -> 9823.4191 | H8: =[2]Grunddaten!BL6 -> 9903.5497 | I8: =[2]Grunddaten!BM6 -> 11785.962 | ... K8: =[2]Grunddaten!BO6 -> 8204.815
A9: Beiträge Versicherte und Arbeitgeber | B9: =[2]Grunddaten!BF10 -> 3436.7982 | C9: =[2]Grunddaten!BG10 -> 3623.8402 | D9: =[2]Grunddaten!BH10 -> 3682.2781 | E9: =[2]Grunddaten!BI10 -> 3763.6354 | F9: =[2]Grunddaten!BJ10 -> 3825.9136 | G9: =[2]Grunddaten!BK10 -> 3904.5609 | H9: =[2]Grunddaten!BL10 -> 4038.6934 | I9: =[2]Grunddaten!BM10 -> 4242.631 | ... K9: =[2]Grunddaten!BO10 -> 4578.4627
A10: Beiträge öffentliche Hand | B10: =[2]Grunddaten!BF20 -> 4358.9409 | C10: =[2]Grunddaten!BG20 -> 4732.6381 | D10: =[2]Grunddaten!BH20 -> 4982.1697 | E10: =[2]Grunddaten!BI20 -> 5328.9671 | F10: =[2]Grunddaten!BJ20 -> 5548.25 | G10: =[2]Grunddaten!BK20 -> 5780.6329 | H10: =[2]Grunddaten!BL20 -> 5729.9577 | I10: =[2]Grunddaten!BM20 -> 5952.3606 | ... K10: =[2]Grunddaten!BO20 -> 3517.7489
A11: davon Bund 1) | B11: =[2]Grunddaten!BF21 -> 3269.2057 | C11: =[2]Grunddaten!BG21 -> 3549.4786 | D11: =[2]Grunddaten!BH21 -> 3736.6273 | E11: =[2]Grunddaten!BI21 -> 3996.7254 | F11: =[2]Grunddaten!BJ21 -> 4161.1875 | G11: =[2]Grunddaten!BK21 -> 4335.4747 | H11: =[2]Grunddaten!BL21 -> 4297.4683 | I11: =[2]Grunddaten!BM21 -> 4464.2705 | ... K11: =[2]Grunddaten!BO21 -> 3517.7489
A12: Kapitalertrag (Anlageergebnis) | B12: =[2]Grunddaten!BF40 -> – | C12: =[2]Grunddaten!BG40 -> – | D12: =[2]Grunddaten!BH40 -> – | E12: =[2]Grunddaten!BI40 -> – | F12: =[2]Grunddaten!BJ40 -> – | G12: =[2]Grunddaten!BK40 -> – | H12: =[2]Grunddaten!BL40 -> – | I12: =[2]Grunddaten!BM40 -> – | ... K12: =[2]Grunddaten!BO40 -> –
A13: Übrige Einnahmen 2) | B13: =[2]Grunddaten!BF60 -> 101.65436 | C13: =[2]Grunddaten!BG60 -> 101.27907 | D13: =[2]Grunddaten!BH60 -> 110.40223 | E13: =[2]Grunddaten!BI60 -> 117.46674 | F13: =[2]Grunddaten!BJ60 -> 136.78964 | G13: =[2]Grunddaten!BK60 -> 138.22522 | H13: =[2]Grunddaten!BL60 -> 134.89855 | I13: =[2]Grunddaten!BM60 -> 119.97042 | ... K13: =[2]Grunddaten!BO60 -> 108.60338
A15: Total Ausgaben | B15: =[2]Grunddaten!BF106 -> 8710.6393 | C15: =[2]Grunddaten!BG106 -> 9462.9248 | D15: =[2]Grunddaten!BH106 -> 9964.3394 | E15: =[2]Grunddaten!BI106 -> 10657.934 | F15: =[2]Grunddaten!BJ106 -> 11096.5 | G15: =[2]Grunddaten!BK106 -> 11561.266 | H15: =[2]Grunddaten!BL106 -> 11459.915 | I15: =[2]Grunddaten!BM106 -> 11904.721 | ... K15: =[2]Grunddaten!BO106 -> 9616.4286
A16: Sozialleistungen 3) | B16: =[2]Grunddaten!BF110 -> 8393.4842 | C16: =[2]Grunddaten!BG110 -> 9103.9623 | D16: =[2]Grunddaten!BH110 -> 9582.7106 | E16: =[2]Grunddaten!BI110 -> 10294.991 | F16: =[2]Grunddaten!BJ110 -> 10586.3 | G16: =[2]Grunddaten!BK110 -> 11057.863 | H16: =[2]Grunddaten!BL110 -> 10837.902 | I16: =[2]Grunddaten!BM110 -> 11136.136 | ... K16: =[2]Grunddaten!BO110 -> 8560.2299
A17: Verwaltungs- und Durchführungskosten | B17: =[2]Grunddaten!BF190 -> 234.1626 | C17: =[2]Grunddaten!BG190 -> 256.60733 | D17: =[2]Grunddaten!BH190 -> 272.25649 | E17: =[2]Grunddaten!BI190 -> 292.61898 | F17: =[2]Grunddaten!BJ190 -> 408.9098 | G17: =[2]Grunddaten!BK190 -> 381.22337 | H17: =[2]Grunddaten!BL190 -> 401.01517 | I17: =[2]Grunddaten!BM190 -> 455.73065 | ... K17: =[2]Grunddaten!BO190 -> 574.38404
A18: Übrige Ausgaben 4) | B18: =[2]Grunddaten!BF240 -> 90.23503 | C18: =[2]Grunddaten!BG240 -> 104.70652 | D18: =[2]Grunddaten!BH240 -> 109.37229 | E18: =[2]Grunddaten!BI240 -> 70.324514 | F18: =[2]Grunddaten!BJ240 -> 101.28978 | G18: =[2]Grunddaten!BK240 -> 122.17947 | H18: =[2]Grunddaten!BL240 -> 220.99845 | I18: =[2]Grunddaten!BM240 -> 312.85438 | ... K18: =[2]Grunddaten!BO240 -> 196.28492
A20: Betriebsergebnis | B20: =[2]Grunddaten!BF356 -> -820.48834 | C20: =[2]Grunddaten!BG356 -> -1007.5188 | D20: =[2]Grunddaten!BH356 -> -1189.4893 | E20: =[2]Grunddaten!BI356 -> -1447.865 | F20: =[2]Grunddaten!BJ356 -> -1585.5468 | G20: =[2]Grunddaten!BK356 -> -1737.8468 | H20: =[2]Grunddaten!BL356 -> -1556.3658 | I20: =[2]Grunddaten!BM356 -> -2080.7592 | ... K20: =[2]Grunddaten!BO356 -> -1126.0839
A21: Anlageergebnis | B21: =[2]Grunddaten!BF$40 -> – | C21: =[2]Grunddaten!BG$40 -> – | D21: =[2]Grunddaten!BH$40 -> – | E21: =[2]Grunddaten!BI$40 -> – | F21: =[2]Grunddaten!BJ$40 -> – | G21: =[2]Grunddaten!BK$40 -> – | H21: =[2]Grunddaten!BL$40 -> – | I21: =[2]Grunddaten!BM$40 -> – | ... K21: =[2]Grunddaten!BO$40 -> –
A22: laufender Kapitalertrag | B22: =[2]Grunddaten!BF$46 -> – | C22: =[2]Grunddaten!BG$46 -> – | D22: =[2]Grunddaten!BH$46 -> – | E22: =[2]Grunddaten!BI$46 -> – | F22: =[2]Grunddaten!BJ$46 -> – | G22: =[2]Grunddaten!BK$46 -> – | H22: =[2]Grunddaten!BL$46 -> – | I22: =[2]Grunddaten!BM$46 -> – | ... K22: =[2]Grunddaten!BO$46 -> –
A23: Kapitalwertänderungen | B23: =[2]Grunddaten!BF$47 -> -7.2425313 | C23: =[2]Grunddaten!BG$47 -> -2.3513132 | D23: =[2]Grunddaten!BH$47 -> – | E23: =[2]Grunddaten!BI$47 -> – | F23: =[2]Grunddaten!BJ$47 -> – | G23: =[2]Grunddaten!BK$47 -> – | H23: =[2]Grunddaten!BL$47 -> – | I23: =[2]Grunddaten!BM$47 -> – | ... K23: =[2]Grunddaten!BO$47 -> –
A24: Umlageergebnis (Betriebsergebnis ohne Anlageergebnis) | B24: =[2]Grunddaten!BF$358 -> -820.48834 | C24: =[2]Grunddaten!BG$358 -> -1007.5188 | D24: =[2]Grunddaten!BH$358 -> -1189.4893 | E24: =[2]Grunddaten!BI$358 -> -1447.865 | F24: =[2]Grunddaten!BJ$358 -> -1585.5468 | G24: =[2]Grunddaten!BK$358 -> -1737.8468 | H24: =[2]Grunddaten!BL$358 -> -1556.3658 | I24: =[2]Grunddaten!BM$358 -> -3551.7592 | ... K24: =[2]Grunddaten!BO$358 -> -1126.0839
A26: Veränderung des Kapitals, ab 2011 Abzahlung der IV-Schuld | B26: =[2]Grunddaten!BF$516 -> -820.48834 | C26: =[2]Grunddaten!BG$516 -> -1007.5188 | D26: =[2]Grunddaten!BH$516 -> -1189.4893 | E26: =[2]Grunddaten!BI$516 -> 52.135025 | F26: =[2]Grunddaten!BJ$516 -> -1585.5468 | G26: =[2]Grunddaten!BK$516 -> -1737.8468 | H26: =[2]Grunddaten!BL$516 -> -1556.3658 | I26: =[2]Grunddaten!BM$516 -> -2080.7592 | ... K26: =[2]Grunddaten!BO$516 -> -1126.0839
A28: IV-Fonds 5) | B28: =[2]Grunddaten!BF$617 -> – | C28: =[2]Grunddaten!BG$617 -> – | D28: =[2]Grunddaten!BH$617 -> – | E28: =[2]Grunddaten!BI$617 -> – | F28: =[2]Grunddaten!BJ$617 -> – | G28: =[2]Grunddaten!BK$617 -> – | H28: =[2]Grunddaten!BL$617 -> – | I28: =[2]Grunddaten!BM$617 -> – | ... K28: =[2]Grunddaten!BO$617 -> –
A30: Kapital | B30: =[2]Grunddaten!BF$616 -> -2305.5074 | C30: =[2]Grunddaten!BG$616 -> -3313.0263 | D30: =[2]Grunddaten!BH$616 -> -4502.5156 | E30: =[2]Grunddaten!BI$616 -> -4450.3805 | F30: =[2]Grunddaten!BJ$616 -> -6035.9273 | G30: =[2]Grunddaten!BK$616 -> -7773.7741 | H30: =[2]Grunddaten!BL$616 -> -9330.1398 | I30: =[2]Grunddaten!BM$616 -> -11410.899 | ... K30: =[2]Grunddaten!BO$616 -> -13899.312
A31: Beiträge öffentliche Hand in % der Ausgaben | B31: =[2]Grunddaten!BF$618 -> 0.5 | C31: =[2]Grunddaten!BG$618 -> 0.5 | D31: =[2]Grunddaten!BH$618 -> 0.5 | E31: =[2]Grunddaten!BI$618 -> 0.5 | F31: =[2]Grunddaten!BJ$618 -> 0.5 | G31: =[2]Grunddaten!BK$618 -> 0.5 | H31: =[2]Grunddaten!BL$618 -> 0.5 | I31: =[2]Grunddaten!BM$618 -> 0.42925509 | ... K31: =[2]Grunddaten!BO$618 -> 0.377
A35: 1) Ab 2011 inklusive Sonderzins IV
A36: 2) Regress
A37: 3) Geldleistungen, Kosten für individuelle Massnahmen und Beiträge an Institutionen und Organisationen
A38: 4) Kapitalzinsen
A39: 5) 1.1.2011: Überweisung von 5 Mrd. Fr. von der AHV an die IV.
A40: 6) 2003: Kapitaltransfer von 1'500 Mio. Fr. von der EO an die IV
A41: 7) Infolge NFA sind die Werte 2007/2008 nicht mit denjenigen der Vorjahre vergleichbar
A43: ='2010-2019'!A43 -> Bundesamt für Sozialversicherungen, Schweizerische Sozialversicherungsstatistik 2022, Tabelle IV
A44: ='2010-2019'!A44 -> Auskünfte per Telefon: 058 465 03 39 oder per E-mail an: salome.schuepbach@bsv.admin.ch
A45: © BFS - Statistisches Lexikon der Schweiz

Sheet 1990-1999
A1: Invalidenversicherung (IV): Finanzen der IV | K1: ='[1]1'!$C$16 -> T 13.04.02.01
A2: Laufende Preise, in Millionen Franken
B5: 1990 | C5: 1991 | D5: 1992 | E5: 1993 | F5: 1994 | G5: 1995 | H5: 1996 | I5: 1997 | J5: 1998 4) | K5: 1999
A8: Total Einnahmen | B8: =[2]Grunddaten!AV6 -> 4411.6551 | C8: =[2]Grunddaten!AW6 -> 4841.4432 | D8: =[2]Grunddaten!AX6 -> 5260.7375 | E8: =[2]Grunddaten!AY6 -> 5567.4488 | F8: =[2]Grunddaten!AZ6 -> 5770.6485 | G8: =[2]Grunddaten!BA6 -> 6483.2865 | H8: =[2]Grunddaten!BB6 -> 6886.2556 | I8: =[2]Grunddaten!BC6 -> 7036.8355 | ... K8: =[2]Grunddaten!BE6 -> 7562.4943
A9: Beiträge Versicherte und Arbeitgeber | B9: =[2]Grunddaten!AV10 -> 2306.5497 | C9: =[2]Grunddaten!AW10 -> 2489.7471 | D9: =[2]Grunddaten!AX10 -> 2590.3185 | E9: =[2]Grunddaten!AY10 -> 2636.5317 | F9: =[2]Grunddaten!AZ10 -> 2634.0868 | G9: =[2]Grunddaten!BA10 -> 3130.7047 | H9: =[2]Grunddaten!BB10 -> 3147.6962 | I9: =[2]Grunddaten!BC10 -> 3119.9594 | ... K9: =[2]Grunddaten!BE10 -> 3285.3142
A10: Beiträge öffentliche Hand | B10: =[2]Grunddaten!AV20 -> 2066.5947 | C10: =[2]Grunddaten!AW20 -> 2309.3415 | D10: =[2]Grunddaten!AX20 -> 2625.2985 | E10: =[2]Grunddaten!AY20 -> 2881.3899 | F10: =[2]Grunddaten!AZ20 -> 3078.0617 | G10: =[2]Grunddaten!BA20 -> 3285.1017 | H10: =[2]Grunddaten!BB20 -> 3656.5761 | I10: =[2]Grunddaten!BC20 -> 3825.9915 | ... K10: =[2]Grunddaten!BE20 -> 4181.0298
A11: davon Bund | B11: =[2]Grunddaten!AV21 -> 1549.946 | C11: =[2]Grunddaten!AW21 -> 1732.0061 | D11: =[2]Grunddaten!AX21 -> 1968.9738 | E11: =[2]Grunddaten!AY21 -> 2132.977 | F11: =[2]Grunddaten!AZ21 -> 2278.5652 | G11: =[2]Grunddaten!BA21 -> 2431.8285 | H11: =[2]Grunddaten!BB21 -> 2742.4321 | I11: =[2]Grunddaten!BC21 -> 2869.4937 | ... K11: =[2]Grunddaten!BE21 -> 3135.7723
A12: Kapitalertrag (Anlageergebnis) | B12: =[2]Grunddaten!AV40 -> – | C12: =[2]Grunddaten!AW40 -> – | D12: =[2]Grunddaten!AX40 -> – | E12: =[2]Grunddaten!AY40 -> – | F12: =[2]Grunddaten!AZ40 -> – | G12: =[2]Grunddaten!BA40 -> – | H12: =[2]Grunddaten!BB40 -> – | I12: =[2]Grunddaten!BC40 -> – | ... K12: =[2]Grunddaten!BE40 -> –
A13: Übrige Einnahmen 1) | B13: =[2]Grunddaten!AV60 -> 38.51069 | C13: =[2]Grunddaten!AW60 -> 42.354613 | D13: =[2]Grunddaten!AX60 -> 45.120582 | E13: =[2]Grunddaten!AY60 -> 49.527192 | F13: =[2]Grunddaten!AZ60 -> 58.500018 | G13: =[2]Grunddaten!BA60 -> 67.480128 | H13: =[2]Grunddaten!BB60 -> 81.98332 | I13: =[2]Grunddaten!BC60 -> 90.884553 | ... K13: =[2]Grunddaten!BE60 -> 96.150284
A15: Total Ausgaben | B15: =[2]Grunddaten!AV106 -> 4133.1017 | C15: =[2]Grunddaten!AW106 -> 4618.6528 | D15: =[2]Grunddaten!AX106 -> 5249.4657 | E15: =[2]Grunddaten!AY106 -> 5987.5395 | F15: =[2]Grunddaten!AZ106 -> 6397.2883 | G15: =[2]Grunddaten!BA106 -> 6827.8238 | H15: =[2]Grunddaten!BB106 -> 7311.9844 | I15: =[2]Grunddaten!BC106 -> 7651.6533 | ... K15: =[2]Grunddaten!BE106 -> 8357.355
A16: Sozialleistungen 2) | B16: =[2]Grunddaten!AV110 -> 3992.6525 | C16: =[2]Grunddaten!AW110 -> 4452.2116 | D16: =[2]Grunddaten!AX110 -> 5065.959 | E16: =[2]Grunddaten!AY110 -> 5795.6043 | F16: =[2]Grunddaten!AZ110 -> 6178.7878 | G16: =[2]Grunddaten!BA110 -> 6570.6373 | H16: =[2]Grunddaten!BB110 -> 7010.9819 | I16: =[2]Grunddaten!BC110 -> 7390.6742 | ... K16: =[2]Grunddaten!BE110 -> 8064.5823
A17: Verwaltungs- und Durchführungskosten | B17: =[2]Grunddaten!AV190 -> 127.33334 | C17: =[2]Grunddaten!AW190 -> 161.87497 | D17: =[2]Grunddaten!AX190 -> 184.63797 | E17: =[2]Grunddaten!AY190 -> 184.18133 | F17: =[2]Grunddaten!AZ190 -> 184.6968 | G17: =[2]Grunddaten!BA190 -> 199.75143 | H17: =[2]Grunddaten!BB190 -> 228.57919 | I17: =[2]Grunddaten!BC190 -> 167.47389 | ... K17: =[2]Grunddaten!BE190 -> 235.83228
A18: Übrige Ausgaben 3) | B18: =[2]Grunddaten!AV240 -> 13.203585 | C18: =[2]Grunddaten!AW240 -> 4.596424 | D18: =[2]Grunddaten!AX240 -> -1.1034587 | E18: =[2]Grunddaten!AY240 -> 7.5181924 | F18: =[2]Grunddaten!AZ240 -> 32.487852 | G18: =[2]Grunddaten!BA240 -> 55.796504 | H18: =[2]Grunddaten!BB240 -> 73.591085 | I18: =[2]Grunddaten!BC240 -> 93.834985 | ... K18: =[2]Grunddaten!BE240 -> 61.223239
A20: Betriebsergebnis | B20: =[2]Grunddaten!AV356 -> 278.46571 | C20: =[2]Grunddaten!AW356 -> 222.76024 | D20: =[2]Grunddaten!AX356 -> 11.244082 | E20: =[2]Grunddaten!AY356 -> -419.85496 | F20: =[2]Grunddaten!AZ356 -> -625.3239 | G20: =[2]Grunddaten!BA356 -> -342.89876 | H20: =[2]Grunddaten!BB356 -> -426.89661 | I20: =[2]Grunddaten!BC356 -> -615.14757 | ... K20: =[2]Grunddaten!BE356 -> -799.14354
A21: Anlageergebnis | B21: =[2]Grunddaten!AV$40 -> – | C21: =[2]Grunddaten!AW$40 -> – | D21: =[2]Grunddaten!AX$40 -> – | E21: =[2]Grunddaten!AY$40 -> – | F21: =[2]Grunddaten!AZ$40 -> – | G21: =[2]Grunddaten!BA$40 -> – | H21: =[2]Grunddaten!BB$40 -> – | I21: =[2]Grunddaten!BC$40 -> – | ... K21: =[2]Grunddaten!BE$40 -> –
A22: laufender Kapitalertrag | B22: =[2]Grunddaten!AV$46 -> – | C22: =[2]Grunddaten!AW$46 -> – | D22: =[2]Grunddaten!AX$46 -> – | E22: =[2]Grunddaten!AY$46 -> – | F22: =[2]Grunddaten!AZ$46 -> – | G22: =[2]Grunddaten!BA$46 -> – | H22: =[2]Grunddaten!BB$46 -> – | I22: =[2]Grunddaten!BC$46 -> – | ... K22: =[2]Grunddaten!BE$46 -> –
A23: Kapitalwertänderungen | B23: =[2]Grunddaten!AV$47 -> -0.087746056 | C23: =[2]Grunddaten!AW$47 -> -0.030191225 | D23: =[2]Grunddaten!AX$47 -> -0.027798446 | E23: =[2]Grunddaten!AY$47 -> 0.23573555 | F23: =[2]Grunddaten!AZ$47 -> 1.3158496 | G23: =[2]Grunddaten!BA$47 -> 1.6385655 | H23: =[2]Grunddaten!BB$47 -> -1.1677931 | I23: =[2]Grunddaten!BC$47 -> -0.32976414 | ... K23: =[2]Grunddaten!BE$47 -> -4.2828649
A24: Umlageergebnis (Betriebsergebnis ohne Anlageergebnis) | B24: =[2]Grunddaten!AV$358 -> 278.46571 | C24: =[2]Grunddaten!AW$358 -> 222.76024 | D24: =[2]Grunddaten!AX$358 -> 11.244082 | E24: =[2]Grunddaten!AY$358 -> -419.85496 | F24: =[2]Grunddaten!AZ$358 -> -625.3239 | G24: =[2]Grunddaten!BA$358 -> -342.89876 | H24: =[2]Grunddaten!BB$358 -> -426.89661 | I24: =[2]Grunddaten!BC$358 -> -615.14757 | ... K24: =[2]Grunddaten!BE$358 -> -799.14354
A26: Veränderung des Kapital | B26: =[2]Grunddaten!AV$516 -> 278.46571 | C26: =[2]Grunddaten!AW$516 -> 222.76024 | D26: =[2]Grunddaten!AX$516 -> 11.244082 | E26: =[2]Grunddaten!AY$516 -> -419.85496 | F26: =[2]Grunddaten!AZ$516 -> -625.3239 | G26: =[2]Grunddaten!BA$516 -> -342.89876 | H26: =[2]Grunddaten!BB$516 -> -426.89661 | I26: =[2]Grunddaten!BC$516 -> -615.14757 | ... K26: =[2]Grunddaten!BE$516 -> -799.14354
A28: IV-Fonds 5) | B28: =[2]Grunddaten!AV$617 -> – | C28: =[2]Grunddaten!AW$617 -> – | D28: =[2]Grunddaten!AX$617 -> – | E28: =[2]Grunddaten!AY$617 -> – | F28: =[2]Grunddaten!AZ$617 -> – | G28: =[2]Grunddaten!BA$617 -> – | H28: =[2]Grunddaten!BB$617 -> – | I28: =[2]Grunddaten!BC$617 -> – | ... K28: =[2]Grunddaten!BE$617 -> –
A30: Kapital | B30: =[2]Grunddaten!AV$616 -> 5.9972768 | C30: =[2]Grunddaten!AW$616 -> 228.75752 | D30: =[2]Grunddaten!AX$616 -> 240.0016 | E30: =[2]Grunddaten!AY$616 -> -179.85336 | F30: =[2]Grunddaten!AZ$616 -> -805.17726 | G30: =[2]Grunddaten!BA$616 -> -1148.076 | H30: =[2]Grunddaten!BB$616 -> -1574.9726 | I30: =[2]Grunddaten!BC$616 -> -2190.1202 | ... K30: =[2]Grunddaten!BE$616 -> -1485.0191
A31: Beiträge öffentliche Hand in % der Ausgaben | B31: =[2]Grunddaten!AV$618 -> 0.5 | C31: =[2]Grunddaten!AW$618 -> 0.5 | D31: =[2]Grunddaten!AX$618 -> 0.5001051 | E31: =[2]Grunddaten!AY$618 -> 0.48125 | F31: =[2]Grunddaten!AZ$618 -> 0.48125 | G31: =[2]Grunddaten!BA$618 -> 0.48125 | H31: =[2]Grunddaten!BB$618 -> 0.5 | I31: =[2]Grunddaten!BC$618 -> 0.5 | ... K31: =[2]Grunddaten!BE$618 -> 0.50002522
A33: 1) Regress
A34: 2) Geldleistungen, Kosten für individuelle Massnahmen und Beiträge an Institutionen und Organisationen
A35: 3) Kapitalzinsen
A36: 4) 1998: Kapitaltransfer von 2'200 Mio. Fr. von der EO an die IV
A38: ='2010-2019'!A43 -> Bundesamt für Sozialversicherungen, Schweizerische Sozialversicherungsstatistik 2022, Tabelle IV
A39: ='2010-2019'!A44 -> Auskünfte per Telefon: 058 465 03 39 oder per E-mail an: salome.schuepbach@bsv.admin.ch
A40: ='2010-2019'!A45 -> © BFS - Statistisches Lexikon der Schweiz

Sheet 1980-1989
A1: Invalidenversicherung (IV): Finanzen der IV | K1: ='[1]1'!$C$16 -> T 13.04.02.01
A2: Laufende Preise, in Millionen Franken
B5: 1980 | C5: 1981 | D5: 1982 | E5: 1983 | F5: 1984 | G5: 1985 | H5: 1986 | I5: 1987 | J5: 1988 | K5: 1989
A8: Total Einnahmen | B8: =[2]Grunddaten!AL6 -> 2111.4216 | C8: =[2]Grunddaten!AM6 -> 2213.1016 | D8: =[2]Grunddaten!AN6 -> 2440.2866 | E8: =[2]Grunddaten!AO6 -> 2539.3068 | F8: =[2]Grunddaten!AP6 -> 2764.4139 | G8: =[2]Grunddaten!AQ6 -> 2878.1443 | H8: =[2]Grunddaten!AR6 -> 3095.2905 | I8: =[2]Grunddaten!AS6 -> 3232.8083 | ... K8: =[2]Grunddaten!AU6 -> 4028.5624
A9: Beiträge Versicherte und Arbeitgeber | B9: =[2]Grunddaten!AL10 -> 1035.1867 | C9: =[2]Grunddaten!AM10 -> 1116.4408 | D9: =[2]Grunddaten!AN10 -> 1206.8476 | E9: =[2]Grunddaten!AO10 -> 1261.0955 | F9: =[2]Grunddaten!AP10 -> 1316.8153 | G9: =[2]Grunddaten!AQ10 -> 1366.0808 | H9: =[2]Grunddaten!AR10 -> 1471.3419 | I9: =[2]Grunddaten!AS10 -> 1545.729 | ... K9: =[2]Grunddaten!AU10 -> 2118.4393
A10: Beiträge öffentliche Hand | B10: =[2]Grunddaten!AL20 -> 1075.8812 | C10: =[2]Grunddaten!AM20 -> 1095.7191 | D10: =[2]Grunddaten!AN20 -> 1231.4846 | E10: =[2]Grunddaten!AO20 -> 1271.3751 | F10: =[2]Grunddaten!AP20 -> 1435.9471 | G10: =[2]Grunddaten!AQ20 -> 1493.0152 | H10: =[2]Grunddaten!AR20 -> 1602.987 | I10: =[2]Grunddaten!AS20 -> 1657.7939 | ... K10: =[2]Grunddaten!AU20 -> 1875.0404
A11: davon Bund | B11: =[2]Grunddaten!AL21 -> 806.91092 | C11: =[2]Grunddaten!AM21 -> 821.78929 | D11: =[2]Grunddaten!AN21 -> 923.61345 | E11: =[2]Grunddaten!AO21 -> 953.53135 | F11: =[2]Grunddaten!AP21 -> 1076.9603 | G11: =[2]Grunddaten!AQ21 -> 1119.7614 | H11: =[2]Grunddaten!AR21 -> 1202.2402 | I11: =[2]Grunddaten!AS21 -> 1243.3455 | ... K11: =[2]Grunddaten!AU21 -> 1406.2803
A12: Kapitalertrag (Anlageergebnis) | B12: =[2]Grunddaten!AL40 -> – | C12: =[2]Grunddaten!AM40 -> – | D12: =[2]Grunddaten!AN40 -> – | E12: =[2]Grunddaten!AO40 -> – | F12: =[2]Grunddaten!AP40 -> – | G12: =[2]Grunddaten!AQ40 -> – | H12: =[2]Grunddaten!AR40 -> – | I12: =[2]Grunddaten!AS40 -> – | ... K12: =[2]Grunddaten!AU40 -> –
A13: Übrige Einnahmen 1) | B13: =[2]Grunddaten!AL60 -> 0.3537508 | C13: =[2]Grunddaten!AM60 -> 0.94174135 | D13: =[2]Grunddaten!AN60 -> 1.9543964 | E13: =[2]Grunddaten!AO60 -> 6.8361475 | F13: =[2]Grunddaten!AP60 -> 11.651553 | G13: =[2]Grunddaten!AQ60 -> 19.048287 | H13: =[2]Grunddaten!AR60 -> 20.961571 | I13: =[2]Grunddaten!AS60 -> 29.28534 | ... K13: =[2]Grunddaten!AU60 -> 35.082651
A15: Total Ausgaben | B15: =[2]Grunddaten!AL106 -> 2151.7625 | C15: =[2]Grunddaten!AM106 -> 2191.4381 | D15: =[2]Grunddaten!AN106 -> 2462.9692 | E15: =[2]Grunddaten!AO106 -> 2542.7503 | F15: =[2]Grunddaten!AP106 -> 2871.8941 | G15: =[2]Grunddaten!AQ106 -> 2986.0304 | H15: =[2]Grunddaten!AR106 -> 3205.974 | I15: =[2]Grunddaten!AS106 -> 3315.2017 | ... K15: =[2]Grunddaten!AU106 -> 3749.357
A16: Sozialleistungen 2) | B16: =[2]Grunddaten!AL110 -> 2075.1341 | C16: =[2]Grunddaten!AM110 -> 2105.4908 | D16: =[2]Grunddaten!AN110 -> 2373.9393 | E16: =[2]Grunddaten!AO110 -> 2447.1097 | F16: =[2]Grunddaten!AP110 -> 2769.5469 | G16: =[2]Grunddaten!AQ110 -> 2874.2585 | H16: =[2]Grunddaten!AR110 -> 3085.6629 | I16: =[2]Grunddaten!AS110 -> 3182.1475 | ... K16: =[2]Grunddaten!AU110 -> 3612.4583
A17: Verwaltungs- und Durchführungskosten | B17: =[2]Grunddaten!AL190 -> 59.405015 | C17: =[2]Grunddaten!AM190 -> 67.560174 | D17: =[2]Grunddaten!AN190 -> 70.677181 | E17: =[2]Grunddaten!AO190 -> 76.929837 | F17: =[2]Grunddaten!AP190 -> 81.900358 | G17: =[2]Grunddaten!AQ190 -> 86.980118 | H17: =[2]Grunddaten!AR190 -> 91.604293 | I17: =[2]Grunddaten!AS190 -> 101.36393 | ... K17: =[2]Grunddaten!AU190 -> 115.82511
A18: Übrige Ausgaben 3) | B18: =[2]Grunddaten!AL240 -> 17.223309 | C18: =[2]Grunddaten!AM240 -> 18.387183 | D18: =[2]Grunddaten!AN240 -> 18.352747 | E18: =[2]Grunddaten!AO240 -> 18.710765 | F18: =[2]Grunddaten!AP240 -> 20.446922 | G18: =[2]Grunddaten!AQ240 -> 24.791771 | H18: =[2]Grunddaten!AR240 -> 28.706793 | I18: =[2]Grunddaten!AS240 -> 32.076452 | ... K18: =[2]Grunddaten!AU240 -> 21.797417
A20: Betriebsergebnis | B20: =[2]Grunddaten!AL356 -> -40.340814 | C20: =[2]Grunddaten!AM356 -> 21.663526 | D20: =[2]Grunddaten!AN356 -> -22.682576 | E20: =[2]Grunddaten!AO356 -> -3.4434844 | F20: =[2]Grunddaten!AP356 -> -107.48023 | G20: =[2]Grunddaten!AQ356 -> -107.88614 | H20: =[2]Grunddaten!AR356 -> -110.6835 | I20: =[2]Grunddaten!AS356 -> -82.779616 | ... K20: =[2]Grunddaten!AU356 -> 278.48158
A21: Anlageergebnis | B21: =[2]Grunddaten!AL$40 -> – | C21: =[2]Grunddaten!AM$40 -> – | D21: =[2]Grunddaten!AN$40 -> – | E21: =[2]Grunddaten!AO$40 -> – | F21: =[2]Grunddaten!AP$40 -> – | G21: =[2]Grunddaten!AQ$40 -> – | H21: =[2]Grunddaten!AR$40 -> – | I21: =[2]Grunddaten!AS$40 -> – | ... K21: =[2]Grunddaten!AU$40 -> –
A22: laufender Kapitalertrag | B22: =[2]Grunddaten!AL$46 -> – | C22: =[2]Grunddaten!AM$46 -> – | D22: =[2]Grunddaten!AN$46 -> – | E22: =[2]Grunddaten!AO$46 -> – | F22: =[2]Grunddaten!AP$46 -> – | G22: =[2]Grunddaten!AQ$46 -> – | H22: =[2]Grunddaten!AR$46 -> – | I22: =[2]Grunddaten!AS$46 -> – | ... K22: =[2]Grunddaten!AU$46 -> –
A23: Kapitalwertänderungen | B23: =[2]Grunddaten!AL$47 -> … | C23: =[2]Grunddaten!AM$47 -> … | D23: =[2]Grunddaten!AN$47 -> … | E23: =[2]Grunddaten!AO$47 -> … | F23: =[2]Grunddaten!AP$47 -> … | G23: =[2]Grunddaten!AQ$47 -> … | H23: =[2]Grunddaten!AR$47 -> … | I23: =[2]Grunddaten!AS$47 -> -0.3861435 | ... K23: =[2]Grunddaten!AU$47 -> -0.72378186
A24: Umlageergebnis (Betriebsergebnis ohne Anlageergebnis) | B24: =[2]Grunddaten!AL$358 -> -40.340814 | C24: =[2]Grunddaten!AM$358 -> 21.663526 | D24: =[2]Grunddaten!AN$358 -> -22.682576 | E24: =[2]Grunddaten!AO$358 -> -3.4434844 | F24: =[2]Grunddaten!AP$358 -> -107.48023 | G24: =[2]Grunddaten!AQ$358 -> -107.88614 | H24: =[2]Grunddaten!AR$358 -> -110.6835 | I24: =[2]Grunddaten!AS$358 -> -82.779616 | ... K24: =[2]Grunddaten!AU$358 -> 278.48158
A26: Veränderung des Kapital | B26: =[2]Grunddaten!AL$516 -> -40.340814 | C26: =[2]Grunddaten!AM$516 -> 21.663526 | D26: =[2]Grunddaten!AN$516 -> -22.682576 | E26: =[2]Grunddaten!AO$516 -> -3.4434844 | F26: =[2]Grunddaten!AP$516 -> -107.48023 | G26: =[2]Grunddaten!AQ$516 -> -107.88614 | H26: =[2]Grunddaten!AR$516 -> -110.6835 | I26: =[2]Grunddaten!AS$516 -> -82.779616 | ... K26: =[2]Grunddaten!AU$516 -> 278.48158
A28: IV-Fonds 5) | B28: =[2]Grunddaten!AL$617 -> – | C28: =[2]Grunddaten!AM$617 -> – | D28: =[2]Grunddaten!AN$617 -> – | E28: =[2]Grunddaten!AO$617 -> – | F28: =[2]Grunddaten!AP$617 -> – | G28: =[2]Grunddaten!AQ$617 -> – | H28: =[2]Grunddaten!AR$617 -> – | I28: =[2]Grunddaten!AS$617 -> – | ... K28: =[2]Grunddaten!AU$617 -> –
A30: Kapital | B30: =[2]Grunddaten!AL$616 -> -356.23398 | C30: =[2]Grunddaten!AM$616 -> -334.57046 | D30: =[2]Grunddaten!AN$616 -> -357.25303 | E30: =[2]Grunddaten!AO$616 -> -360.69652 | F30: =[2]Grunddaten!AP$616 -> -468.17674 | G30: =[2]Grunddaten!AQ$616 -> -576.06288 | H30: =[2]Grunddaten!AR$616 -> -686.74638 | I30: =[2]Grunddaten!AS$616 -> -769.52599 | ... K30: =[2]Grunddaten!AU$616 -> -272.46843
A31: Beiträge öffentliche Hand in % der Ausgaben | B31: =[2]Grunddaten!AL$618 -> 0.5 | C31: =[2]Grunddaten!AM$618 -> 0.5 | D31: =[2]Grunddaten!AN$618 -> 0.5 | E31: =[2]Grunddaten!AO$618 -> 0.5 | F31: =[2]Grunddaten!AP$618 -> 0.5 | G31: =[2]Grunddaten!AQ$618 -> 0.5 | H31: =[2]Grunddaten!AR$618 -> 0.5 | I31: =[2]Grunddaten!AS$618 -> 0.5 | ... K31: =[2]Grunddaten!AU$618 -> 0.5
A33: 1) Regress
A34: 2) Geldleistungen, Kosten für individuelle Massnahmen und Beiträge an Institutionen und Organisationen
A35: 3) Kapitalzinsen
A37: ='2010-2019'!A43 -> Bundesamt für Sozialversicherungen, Schweizerische Sozialversicherungsstatistik 2022, Tabelle IV
A38: ='2010-2019'!A44 -> Auskünfte per Telefon: 058 465 03 39 oder per E-mail an: salome.schuepbach@bsv.admin.ch
A39: ='2010-2019'!A45 -> © BFS - Statistisches Lexikon der Schweiz

Sheet 1960-1979
A1: Invalidenversicherung (IV): Finanzen der IV | U1: ='[1]1'!$C$16 -> T 13.04.02.01
A2: Laufende Preise, in Millionen Franken
B5: 1960 | C5: 1961 | D5: 1962 | E5: 1963 | F5: 1964 | G5: 1965 | H5: 1966 | I5: 1967 | J5: 1968 | K5: 1969 | L5: 1970 | M5: 1971 | N5: 1972 | O5: 1973 | P5: 1974 | Q5: 1975 | R5: 1976 | S5: 1977 | T5: 1978 | U5: 1979
A8: Total Einnahmen | B8: =[2]Grunddaten!R6 -> 102.53026 | C8: =[2]Grunddaten!S6 -> 169.22998 | D8: =[2]Grunddaten!T6 -> 185.62048 | E8: =[2]Grunddaten!U6 -> 206.86483 | F8: =[2]Grunddaten!V6 -> 249.90994 | G8: =[2]Grunddaten!W6 -> 275.52894 | H8: =[2]Grunddaten!X6 -> 301.4278 | I8: =[2]Grunddaten!Y6 -> 338.26317 | ... U8: =[2]Grunddaten!AK6 -> 1968.4191
A9: Beiträge Versicherte und Arbeitgeber | B9: =[2]Grunddaten!R10 -> 75.422753 | C9: =[2]Grunddaten!S10 -> 89.450899 | D9: =[2]Grunddaten!T10 -> 100.47822 | E9: =[2]Grunddaten!U10 -> 112.05705 | F9: =[2]Grunddaten!V10 -> 123.50715 | G9: =[2]Grunddaten!W10 -> 135.45368 | H9: =[2]Grunddaten!X10 -> 144.58515 | I9: =[2]Grunddaten!Y10 -> 157.41515 | ... U9: =[2]Grunddaten!AK10 -> 955.91502
A10: Beiträge öffentliche Hand | B10: =[2]Grunddaten!R20 -> 26.616425 | C10: =[2]Grunddaten!S20 -> 78.283536 | D10: =[2]Grunddaten!T20 -> 84.164193 | E10: =[2]Grunddaten!U20 -> 93.94977 | F10: =[2]Grunddaten!V20 -> 125.86454 | G10: =[2]Grunddaten!W20 -> 137.76971 | H10: =[2]Grunddaten!X20 -> 154.53871 | I10: =[2]Grunddaten!Y20 -> 179.20418 | ... U10: =[2]Grunddaten!AK20 -> 1012.5041
A11: davon Bund | B11: =[2]Grunddaten!R21 -> 17.744283 | C11: =[2]Grunddaten!S21 -> 52.189024 | D11: =[2]Grunddaten!T21 -> 56.109462 | E11: =[2]Grunddaten!U21 -> 62.63318 | F11: =[2]Grunddaten!V21 -> 94.398402 | G11: =[2]Grunddaten!W21 -> 103.32728 | H11: =[2]Grunddaten!X21 -> 115.90403 | I11: =[2]Grunddaten!Y21 -> 134.40313 | ... U11: =[2]Grunddaten!AK21 -> 759.37807
A12: Kapitalertrag (Anlageergebnis) | B12: =[2]Grunddaten!R40 -> 0.49108525 | C12: =[2]Grunddaten!S40 -> 1.4930391 | D12: =[2]Grunddaten!T40 -> 0.96978315 | E12: =[2]Grunddaten!U40 -> 0.8089401 | F12: =[2]Grunddaten!V40 -> 0.5033128 | G12: =[2]Grunddaten!W40 -> 2.2447505 | H12: =[2]Grunddaten!X40 -> 2.2109854 | I12: =[2]Grunddaten!Y40 -> 1.5264347 | ... U12: =[2]Grunddaten!AK40 -> –
A13: Übrige Einnahmen 1) | B13: =[2]Grunddaten!R60 -> – | C13: =[2]Grunddaten!S60 -> 0.0025061 | D13: =[2]Grunddaten!T60 -> 0.0082767 | E13: =[2]Grunddaten!U60 -> 0.0490741 | F13: =[2]Grunddaten!V60 -> 0.0349413 | G13: =[2]Grunddaten!W60 -> 0.0608112 | H13: =[2]Grunddaten!X60 -> 0.09295315 | I13: =[2]Grunddaten!Y60 -> 0.11740645 | ... U13: =[2]Grunddaten!AK60 -> –
A15: Total Ausgaben | B15: =[2]Grunddaten!R106 -> 53.481951 | C15: =[2]Grunddaten!S106 -> 156.32048 | D15: =[2]Grunddaten!T106 -> 168.33666 | E15: =[2]Grunddaten!U106 -> 187.94861 | F15: =[2]Grunddaten!V106 -> 251.76401 | G15: =[2]Grunddaten!W106 -> 275.60022 | H15: =[2]Grunddaten!X106 -> 309.17038 | I15: =[2]Grunddaten!Y106 -> 358.52576 | ... U15: =[2]Grunddaten!AK106 -> 2025.0082
A16: Sozialleistungen 2) | B16: =[2]Grunddaten!R110 -> 49.276652 | C16: =[2]Grunddaten!S110 -> 150.83069 | D16: =[2]Grunddaten!T110 -> 161.76822 | E16: =[2]Grunddaten!U110 -> 179.41708 | F16: =[2]Grunddaten!V110 -> 241.47624 | G16: =[2]Grunddaten!W110 -> 262.21006 | H16: =[2]Grunddaten!X110 -> 294.19391 | I16: =[2]Grunddaten!Y110 -> 340.86786 | ... U16: =[2]Grunddaten!AK110 -> 1954.9469
A17: Verwaltungs- und Durchführungskosten | B17: =[2]Grunddaten!R190 -> 4.2052995 | C17: =[2]Grunddaten!S190 -> 5.4897843 | D17: =[2]Grunddaten!T190 -> 6.5684434 | E17: =[2]Grunddaten!U190 -> 8.5315359 | F17: =[2]Grunddaten!V190 -> 10.287775 | G17: =[2]Grunddaten!W190 -> 13.390162 | H17: =[2]Grunddaten!X190 -> 14.976473 | I17: =[2]Grunddaten!Y190 -> 17.657898 | ... U17: =[2]Grunddaten!AK190 -> 55.049051
A18: Übrige Ausgaben 3) | B18: =[2]Grunddaten!R240 -> – | C18: =[2]Grunddaten!S240 -> – | D18: =[2]Grunddaten!T240 -> – | E18: =[2]Grunddaten!U240 -> – | F18: =[2]Grunddaten!V240 -> – | G18: =[2]Grunddaten!W240 -> – | H18: =[2]Grunddaten!X240 -> – | I18: =[2]Grunddaten!Y240 -> – | ... U18: =[2]Grunddaten!AK240 -> 15.012259
A20: Betriebsergebnis | B20: =[2]Grunddaten!R356 -> 49.048312 | C20: =[2]Grunddaten!S356 -> 12.909504 | D20: =[2]Grunddaten!T356 -> 17.283813 | E20: =[2]Grunddaten!U356 -> 18.916217 | F20: =[2]Grunddaten!V356 -> -1.8540731 | G20: =[2]Grunddaten!W356 -> -0.07127959 | H20: =[2]Grunddaten!X356 -> -7.7425812 | I20: =[2]Grunddaten!Y356 -> -20.262593 | ... U20: =[2]Grunddaten!AK356 -> -56.589072
A21: Anlageergebnis | B21: =[2]Grunddaten!R$40 -> 0.49108525 | C21: =[2]Grunddaten!S$40 -> 1.4930391 | D21: =[2]Grunddaten!T$40 -> 0.96978315 | E21: =[2]Grunddaten!U$40 -> 0.8089401 | F21: =[2]Grunddaten!V$40 -> 0.5033128 | G21: =[2]Grunddaten!W$40 -> 2.2447505 | H21: =[2]Grunddaten!X$40 -> 2.2109854 | I21: =[2]Grunddaten!Y$40 -> 1.5264347 | ... U21: =[2]Grunddaten!AK$40 -> –
A22: laufender Kapitalertrag | B22: =[2]Grunddaten!R$46 -> 0.48726504 | C22: =[2]Grunddaten!S$46 -> 1.4648168 | D22: =[2]Grunddaten!T$46 -> 0.95108779 | E22: =[2]Grunddaten!U$46 -> 0.76742777 | F22: =[2]Grunddaten!V$46 -> 0.51161824 | G22: =[2]Grunddaten!W$46 -> 2.2253383 | H22: =[2]Grunddaten!X$46 -> 2.193375 | I22: =[2]Grunddaten!Y$46 -> 1.521388 | ... U22: =[2]Grunddaten!AK$46 -> –
A23: Kapitalwertänderungen | B23: =[2]Grunddaten!R$47 -> 0.0038202134 | C23: =[2]Grunddaten!S$47 -> 0.028222338 | D23: =[2]Grunddaten!T$47 -> 0.01869536 | E23: =[2]Grunddaten!U$47 -> 0.041512334 | F23: =[2]Grunddaten!V$47 -> -0.0083054433 | G23: =[2]Grunddaten!W$47 -> 0.019412176 | H23: =[2]Grunddaten!X$47 -> 0.017610455 | I23: =[2]Grunddaten!Y$47 -> 0.005046744 | ... U23: =[2]Grunddaten!AK$47 -> …
A24: Umlageergebnis (Betriebsergebnis ohne Anlageergebnis) | B24: =[2]Grunddaten!R$358 -> 48.557226 | C24: =[2]Grunddaten!S$358 -> 11.416465 | D24: =[2]Grunddaten!T$358 -> 16.31403 | E24: =[2]Grunddaten!U$358 -> 18.107277 | F24: =[2]Grunddaten!V$358 -> -2.3573859 | G24: =[2]Grunddaten!W$358 -> -2.31603 | H24: =[2]Grunddaten!X$358 -> -9.9535667 | I24: =[2]Grunddaten!Y$358 -> -21.789028 | ... U24: =[2]Grunddaten!AK$358 -> -56.589072
A26: Veränderung des Kapital | B26: =[2]Grunddaten!R$516 -> 49.048312 | C26: =[2]Grunddaten!S$516 -> 12.909504 | D26: =[2]Grunddaten!T$516 -> 17.283813 | E26: =[2]Grunddaten!U$516 -> 18.916217 | F26: =[2]Grunddaten!V$516 -> -1.8540731 | G26: =[2]Grunddaten!W$516 -> -0.07127959 | H26: =[2]Grunddaten!X$516 -> -7.7425812 | I26: =[2]Grunddaten!Y$516 -> -20.262593 | ... U26: =[2]Grunddaten!AK$516 -> -56.589072
A28: IV-Fonds 5) | B28: =[2]Grunddaten!R$617 -> – | C28: =[2]Grunddaten!S$617 -> – | D28: =[2]Grunddaten!T$617 -> – | E28: =[2]Grunddaten!U$617 -> – | F28: =[2]Grunddaten!V$617 -> – | G28: =[2]Grunddaten!W$617 -> – | H28: =[2]Grunddaten!X$617 -> – | I28: =[2]Grunddaten!Y$617 -> – | ... U28: =[2]Grunddaten!AK$617 -> –
A30: Kapital | B30: =[2]Grunddaten!R$616 -> 49.048312 | C30: =[2]Grunddaten!S$616 -> 61.957816 | D30: =[2]Grunddaten!T$616 -> 79.241629 | E30: =[2]Grunddaten!U$616 -> 98.157846 | F30: =[2]Grunddaten!V$616 -> 96.303773 | G30: =[2]Grunddaten!W$616 -> 96.232493 | H30: =[2]Grunddaten!X$616 -> 88.489912 | I30: =[2]Grunddaten!Y$616 -> 68.227319 | ... U30: =[2]Grunddaten!AK$616 -> -315.89317
A31: Beiträge öffentliche Hand in % der Ausgaben | B31: =[2]Grunddaten!R$618 -> 0.49767116 | C31: =[2]Grunddaten!S$618 -> 0.50078875 | D31: =[2]Grunddaten!T$618 -> 0.49997542 | E31: =[2]Grunddaten!U$618 -> 0.49986945 | F31: =[2]Grunddaten!V$618 -> 0.49993061 | G31: =[2]Grunddaten!W$618 -> 0.49988967 | H31: =[2]Grunddaten!X$618 -> 0.49984967 | I31: =[2]Grunddaten!Y$618 -> 0.49983626 | ... U31: =[2]Grunddaten!AK$618 -> 0.5
A33: 1) Regress
A34: 2) Geldleistungen, Kosten für individuelle Massnahmen und Beiträge an Institutionen und Organisationen
A35: 3) Kapitalzinsen
A37: ='2010-2019'!A43 -> Bundesamt für Sozialversicherungen, Schweizerische Sozialversicherungsstatistik 2022, Tabelle IV
A38: ='2010-2019'!A44 -> Auskünfte per Telefon: 058 465 03 39 oder per E-mail an: salome.schuepbach@bsv.admin.ch
A39: ='2010-2019'!A45 -> © BFS - Statistisches Lexikon der Schweiz
